Map: Deathaura LE

Players

soul

  • Race: Terran Terran
  • League: Grandmaster
  • Spawn Location: 5:00

Serral - Winner!

  • Race: Zerg Zerg
  • League: Master
  • Spawn Location: 11:00

Event: DreamHack SC2 Masters 2020 Summer Europe

VOD

Have the link to the VOD?

Description

Time

  • Played on: June 25, 2020, 1:52 p.m.
  • Length: 17:49

All games in this series

Show
View Real Time Build Order
Export as new Build Order

soul Terran 

Build Orders: Reaper Expand, Hellion Banshee, Mech 

Get SALT Encoding   

  12  0:00  SCV  
  13  0:13  SCV  
  14  0:17  Supply Depot  
  14  0:25  SCV  
  15  0:38  SCV  
  15  0:40  Barracks  
  16  0:43  Refinery  
  16  0:51  SCV  
  17  1:03  SCV  
  18  1:15  SCV  
  19  1:27  Orbital Command, Reaper  
  20  1:40  Command Center  
  20  1:49  Supply Depot  
  20  1:53  SCV  
  21  1:59  Marine  
  22  2:06  Factory  
  22  2:09  SCV  
  23  2:21  Barracks Reactor, SCV  
  24  2:33  SCV  
  24  2:34  Refinery  
  25  2:45  SCV  
  25  2:48  Command Center  
  26  2:56  Orbital Command  
  26  3:05  Starport  
  26  3:06  SCV  
  26  3:12  Hellion  
  29  3:16  Hellion  
  29  3:18  SCV  
  32  3:22  SCV  
  32  3:26  Marine  
  34  3:30  SCV  
  36  3:34  SCV  
  35  3:42  SCV  
  35  3:43  Hellion x2  
  35  3:44  Starport Tech Lab, Marine  
  35  3:46  SCV  
  42  3:54  SCV  
  42  3:55  Fusion Core  
  43  3:58  SCV  
  43  4:02  Orbital Command  
  44  4:06  SCV, Hellion  
  44  4:08  Hellion  
  49  4:11  SCV  
  50  4:17  Supply Depot  
  50  4:19  SCV  
  50  4:23  SCV  
  52  4:29  Banshee  
  52  4:31  SCV  
  52  4:32  Bunker, SCV  
  52  4:35  Bunker  
  52  4:36  SCV  
  54  4:39  Supply Depot  
  54  4:40  Factory Tech Lab  
  54  4:43  SCV  
  54  4:44  Marine x2  
  57  4:50  Supply Depot  
  57  4:51  SCV  
  58  5:00  Siege Tank  
  58  5:01  Marine  
  58  5:02  Marine  
  58  5:05  SCV  
  58  5:06  Supply Depot  
  64  5:14  Refinery x2  
  64  5:16  Battlecruiser  
  64  5:17  SCV  
  64  5:19  Marine  
  64  5:20  Marine  
  73  5:23  SCV  
  73  5:26  SCV  
  75  5:32  SCV  
  75  5:34  Supply Depot x2  
  76  5:43  SCV  
  76  5:47  Orbital Command, SCV  
  78  5:50  Hellion x2  
  78  5:53  Supply Depot  
  78  5:56  SCV  
  83  5:58  Factory  
  83  6:00  Factory, SCV  
  83  6:03  Supply Depot  
  84  6:04  Supply Depot x2  
  84  6:08  SCV  
  85  6:12  Hellion x2, SCV  
  85  6:13  SCV  
  91  6:20  SCV  
  91  6:21  Battlecruiser  
  91  6:24  Refinery  
  91  6:25  SCV x2  
  100  6:27  Refinery  
  100  6:32  SCV, Weapon Refit  
  101  6:37  SCV x2  
  103  6:44  SCV  
  102  6:49  SCV x2, Hellion  
  102  6:51  Factory Tech Lab  
  104  6:56  Supply Depot, SCV  
  104  6:57  Supply Depot, Hellion  
  104  7:00  Siege Tank  
  104  7:01  SCV  
  111  7:02  SCV  
  112  7:08  SCV  
  112  7:10  Command Center, Armory  
  112  7:11  Armory  
  112  7:13  SCV  
  112  7:14  SCV  
  111  7:17  Siege Tank  
  111  7:20  SCV  
  111  7:22  Supply Depot  
  115  7:24  Engineering Bay  
  115  7:25  SCV  
  115  7:26  SCV  
  117  7:30  Battlecruiser  
  117  7:35  Hellion x2  
  117  7:36  SCV  
  131  7:46  SCV x2  
  133  7:55  Missile Turret  
  133  7:56  Missile Turret  
  133  7:57  Missile Turret  
  133  8:02  Missile Turret  
  133  8:03  Thor  
  136  8:08  Supply Depot  
  136  8:10  Missile Turret  
  136  8:11  Thor  
  142  8:18  Terran Vehicle Weapons Level 1, Missile Turret, SCV, Terran Vehicle And Ship Armor Level 1  
  142  8:19  SCV  
  138  8:20  Infernal Pre-Igniter  
  135  8:32  SCV x2  
  135  8:37  Battlecruiser  
  135  8:40  SCV  
  140  8:45  SCV  
  140  8:48  Command Center  
  141  8:53  SCV  
  142  8:57  Thor  
  148  9:04  Thor, Hellion x2  
  148  9:05  Missile Turret  
  148  9:08  Sensor Tower, Supply Depot  
  148  9:09  Refinery x2, Missile Turret  
  158  9:10  Supply Depot  
  158  9:12  SCV  
  159  9:22  Factory  
  159  9:23  Factory  
  157  9:32  Hellion x2  
  157  9:33  Engineering Bay  
  161  9:41  Battlecruiser  
  167  9:49  Siege Tank x2  
  173  9:54  Hellion x2  
  173  9:58  Planetary Fortress  
  173  9:59  Command Center  
  177  10:03  Missile Turret x3  
  177  10:05  Neosteel Armor  
  176  10:09  Supply Depot  
  176  10:19  Refinery, Terran Vehicle And Ship Armor Level 2  
  176  10:20  Terran Ship Weapons Level 1  
  176  10:21  Orbital Command  
  176  10:23  Command Center  
  176  10:29  Factory Reactor, Factory Tech Lab  
  176  10:30  Cyclone  
  176  10:31  Hellion  
  176  10:34  Sensor Tower  
  181  10:41  Supply Depot  
  181  10:53  Starport, Command Center  
  160  10:57  Starport  
  160  10:59  Battlecruiser  
  166  11:10  Hellion x5  
  168  11:15  Command Center  
  168  11:30  SCV, Missile Turret x2  
  168  11:31  SCV x3, Missile Turret  
  172  11:36  Command Center  
  172  11:38  Orbital Command  
  170  11:43  SCV x2  
  171  11:48  Starport Tech Lab x2  
  171  11:49  Orbital Command  
  171  11:55  SCV  
  171  11:56  Missile Turret x2  
  172  12:03  Battlecruiser  
  172  12:07  SCV  
  160  12:16  Orbital Command  
  160  12:19  SCV x5  
  160  12:20  Refinery  
  166  12:26  Battlecruiser  
  159  12:30  Battlecruiser  
  165  12:40  Engineering Bay  
  165  12:41  Orbital Command  
  165  12:42  Supply Depot  
  165  12:43  SCV  
  163  12:45  SCV x2  
  163  12:47  Refinery  
  163  12:48  Terran Vehicle And Ship Armor Level 3  
  163  12:49  Terran Ship Weapons Level 2  
  163  12:51  SCV x3  
  168  12:59  Siege Tank  
  168  13:00  Siege Tank, Hellion  
  168  13:01  Siege Tank  
  168  13:03  Orbital Command  
  112  13:12  Orbital Command  
  161  13:13  Hellbat  
  152  13:24  SCV x3  
  158  13:41  Battlecruiser x2  
  160  13:44  Refinery, Orbital Command  
  160  13:45  Refinery  
  160  13:49  Refinery  
  160  13:50  SCV x6  
  166  14:02  Sensor Tower, SCV x4  
  170  14:07  Command Center  
  170  14:10  Sensor Tower  
  170  14:13  SCV  
  170  14:20  Battlecruiser  
  170  14:23  SCV x5  
  177  14:30  SCV  
  177  14:35  SCV  
  179  14:38  SCV  
  179  14:40  Command Center  
  179  14:42  Siege Tank, Hellbat  
  184  14:47  Orbital Command  
  184  14:51  Siege Tank  
  184  14:52  Siege Tank  
  182  14:56  Battlecruiser  
  182  14:57  Orbital Command  
  157  15:03  Hellbat, Hellion x2  
  154  15:07  Missile Turret  
  154  15:11  SCV x4  
  154  15:14  Siege Tank  
  161  15:20  Command Center  
  161  15:22  Refinery  
  161  15:23  Siege Tank  
  161  15:24  Siege Tank, Battlecruiser  
  161  15:26  SCV  
  175  15:28  SCV  
  175  15:32  SCV  
  175  15:33  SCV  
  177  15:38  Sensor Tower, Missile Turret  
  177  15:44  Supply Depot, SCV  
  177  15:46  Siege Tank  
  181  16:00  Barracks  
  181  16:01  Barracks  
  181  16:02  Missile Turret  
  181  16:03  SCV x2, Barracks  
  183  16:05  Refinery x2  
  183  16:11  Battlecruiser  
  171  16:29  Cyclone x3  
  171  16:30  Hellion x2  
  173  16:33  SCV  
  173  16:35  Planetary Fortress  
  173  16:37  SCV  
  175  16:45  Barracks Tech Lab  
  174  16:47  Ghost Academy, SCV  
  174  16:53  Hellbat  
  172  17:00  Hellion  
  164  17:01  Cyclone, Siege Tank x2  
  164  17:02  SCV  
  164  17:05  Hellion  
  144  17:09  SCV  
Show
View Real Time Build Order
Export as new Build Order

Serral Zerg - Winner!

Build Orders: Hatch First, Muta Ling Bane 

Get SALT Encoding   

  12  0:00  Drone  
  13  0:13  Overlord  
  13  0:17  Drone  
  14  0:31  Drone x2  
  16  0:48  Hatchery  
  15  0:51  Drone  
  15  0:55  Drone  
  17  0:58  Drone  
  18  1:09  Extractor  
  17  1:14  Spawning Pool  
  17  1:18  Drone  
  17  1:21  Drone  
  18  1:28  Drone  
  19  1:39  Drone  
  20  1:49  Overlord  
  20  2:01  Queen x2  
  22  2:02  Zergling x4  
  26  2:12  Drone x2  
  26  2:14  Metabolic Boost  
  28  2:22  Drone x2  
  30  2:39  Hatchery, Drone  
  30  2:45  Drone  
  30  2:47  Queen  
  33  2:51  Overlord  
  33  2:55  Drone  
  33  2:56  Drone  
  35  2:59  Drone  
  36  3:10  Drone x3  
  36  3:11  Drone  
  36  3:12  Overlord  
  40  3:15  Drone  
  40  3:17  Drone  
  42  3:22  Queen  
  44  3:28  Roach Warren  
  44  3:29  Extractor  
  44  3:31  Drone  
  44  3:34  Drone  
  44  3:38  Drone  
  45  3:42  Drone x3  
  45  3:47  Overlord  
  48  3:50  Overlord  
  48  3:53  Zergling x2  
  48  3:55  Zergling x2  
  52  4:04  Overlord  
  52  4:07  Roach  
  52  4:08  Roach x2  
  52  4:09  Roach  
  58  4:13  Roach x3  
  64  4:22  Overlord  
  64  4:27  Drone  
  64  4:28  Drone x2  
  64  4:29  Drone  
  68  4:33  Spore Crawler, Queen  
  68  4:34  Drone x3  
  68  4:36  Drone  
  73  4:39  Drone  
  73  4:40  Drone  
  73  4:45  Lair  
  75  4:47  Drone x2  
  76  4:53  Zergling x6  
  76  4:54  Drone  
  76  4:55  Drone  
  76  4:58  Ravager x2  
  76  4:59  Ravager  
  84  5:00  Overlord  
  84  5:01  Drone  
  84  5:05  Drone x2  
  87  5:09  Extractor  
  87  5:10  Drone x2, Extractor  
  87  5:12  Drone x2  
  89  5:14  Overlord  
  89  5:16  Overlord  
  89  5:21  Drone x2  
  89  5:22  Drone  
  89  5:23  Drone x2, Extractor  
  89  5:24  Drone  
  92  5:28  Spore Crawler x2, Extractor  
  92  5:33  Drone  
  92  5:34  Evolution Chamber  
  92  5:35  Evolution Chamber  
  88  5:39  Drone x4  
  88  5:41  Drone x2  
  92  5:48  Overseer, Drone x4  
  96  5:59  Drone  
  96  6:00  Baneling Nest  
  96  6:05  Zerg Melee Weapons Level 1  
  96  6:06  Zerg Ground Armor Level 1  
  96  6:07  Hatchery  
  95  6:13  Drone x2  
  95  6:14  Spire  
  95  6:15  Glial Reconstitution  
  97  6:18  Zergling x4  
  97  6:19  Zergling x2  
  99  6:30  Spore Crawler, Queen x2  
  100  6:41  Drone x4  
  100  6:42  Drone x2  
  104  6:51  Drone x6, Overlord  
  110  6:56  Overlord  
  110  6:57  Overlord  
  108  7:01  Overlord  
  108  7:05  Overlord  
  108  7:10  Drone x4  
  111  7:17  Overlord  
  111  7:20  Extractor  
  111  7:21  Spore Crawler, Extractor  
  107  7:23  Drone x4  
  111  7:30  Mutalisk x5  
  119  7:37  Mutalisk x3  
  121  7:47  Drone x2  
  121  7:48  Drone x2  
  125  7:53  Drone  
  125  7:58  Mutalisk x4  
  126  8:01  Drone x3  
  126  8:03  Drone x3  
  140  8:05  Mutalisk x2, Drone x2  
  140  8:06  Mutalisk  
  144  8:14  Centrifical Hooks  
  144  8:16  Mutalisk  
  144  8:17  Hatchery  
  144  8:19  Zergling x6  
  148  8:24  Mutalisk x2  
  148  8:25  Mutalisk  
  154  8:28  Drone x2  
  156  8:38  Mutalisk x2  
  156  8:40  Zergling x2  
  159  8:44  Zerg Melee Weapons Level 2  
  159  8:45  Overlord x4  
  159  8:47  Zerg Flyer Weapons Level 1  
  159  8:52  Pneumatized Carapace  
  159  9:04  Drone x10  
  159  9:05  Drone x3  
  159  9:06  Mutalisk x4  
  180  9:13  Mutalisk  
  180  9:16  Zerg Missile Weapons Level 1, Unknown  
  181  9:19  Unknown  
  181  9:21  Overlord x2  
  181  9:22  Overlord  
  180  9:27  Overlord  
  180  9:31  Mutalisk x2  
  180  9:33  Hatchery  
  181  9:39  Roach x6  
  181  9:41  Zergling x14  
  200  9:47  Spine Crawler  
  200  9:49  Spine Crawler  
  200  9:50  Spore Crawler, Spine Crawler  
  200  9:52  Drone x2  
  198  9:54  Baneling x2, Spine Crawler  
  198  9:56  Drone x2  
  199  10:00  Drone  
  199  10:04  Infestation Pit  
  199  10:09  Ravager x3  
  200  10:15  Baneling x8  
  200  10:16  Baneling x4  
  200  10:19  Baneling x7  
  200  10:20  Baneling x15  
  200  10:41  Zerg Flyer Armor Level 1  
  200  10:43  Hive  
  200  10:50  Hatchery  
  200  10:56  Zergling x28  
  200  10:57  Zergling x6  
  198  10:58  Zergling x4  
  198  10:59  Zerg Ground Armor Level 2  
  200  11:08  Ravager  
  200  11:09  Ravager x3  
  200  11:14  Spore Crawler  
  200  11:15  Zerg Missile Weapons Level 2, Drone x3, Spine Crawler  
  200  11:16  Zergling x10, Spine Crawler  
  200  11:18  Baneling x19  
  200  11:30  Drone x3  
  198  11:57  Adrenal Glands  
  198  11:59  Ultralisk Cavern  
  175  12:12  Zergling x30  
  182  12:27  Baneling x5  
  182  12:28  Zergling x20  
  192  12:33  Pathogen Glands  
  192  12:34  Burrow  
  192  12:35  Zerg Flyer Weapons Level 2  
  192  12:36  Baneling x11  
  192  12:37  Baneling x8  
  192  12:47  Chitinous Plating  
  192  12:49  Drone x2  
  192  12:50  Drone  
  195  12:53  Drone x2  
  197  13:01  Zergling x4  
  199  13:06  Spine Crawler x2  
  199  13:07  Spore Crawler  
  179  13:16  Zerg Melee Weapons Level 3  
  179  13:19  Zergling x2  
  173  13:20  Zergling x26  
  181  13:30  Neural Parasite, Corruptor x9  
  181  13:32  Baneling x5  
  199  13:35  Zerg Ground Armor Level 3  
  197  13:42  Baneling  
  197  13:43  Baneling x17, Zergling x4  
  199  13:51  Baneling x10  
  199  13:57  Hatchery  
  199  14:00  Spire  
  197  14:05  Anabolic Synthesis  
  197  14:12  Drone x2  
  199  14:21  Unknown  
  190  14:26  Unknown  
  190  14:30  Corruptor x5  
  190  14:31  Corruptor  
  193  14:32  Zergling x8  
  199  14:50  Zerg Flyer Armor Level 2  
  160  15:04  Roach x6, Zergling x2  
  160  15:05  Zergling x38  
  160  15:06  Zergling x24  
  200  15:07  Baneling  
  200  15:08  Baneling x7  
  200  15:12  Hatchery, Greater Spire  
  199  15:24  Drone  
  200  15:33  Spore Crawler x2  
  200  15:34  Spore Crawler x2, Ravager x4  
  200  15:35  Spore Crawler x2, Ravager x2  
  206  15:51  Spore Crawler, Spine Crawler  
  206  15:56  Overlord  
  204  16:02  Baneling x11  
  175  16:13  Corruptor  
  175  16:14  Corruptor x6  
  175  16:17  Corruptor x4  
  157  16:19  Zergling x60  
  157  16:20  Zergling x4  
  157  16:21  Roach x2  
  157  16:22  Roach x3  
  157  16:25  Corruptor x5  
  198  16:35  Drone  
  194  16:47  Corruptor x2  
  183  17:05  Corruptor x5  
  170  17:11  Zergling x2  
  170  17:12  Zergling x30  
Tags
 
Add a new tag
Caveats
  • Supply blocks, unpowered buildings, or Contaminate may cause inaccurate times.
  • Supply counts are checked every 10 seconds.